 Dungeon Crawl Stone Soup version 0.13.1-2-gfb2c2b7 (webtiles) character file.

279787 Chiseanne the Fetichist (level 20, -18/160 HPs)
             Began as a Demonspawn Artificer on Nov 30, 2013.
             Was the Champion of Nemelex Xobeh.
             Killed from afar by a deep elf sorcerer (36 damage)
             ... with a blast of hellfire
             ... on Level 3 of the Elven Halls on Dec 4, 2013.
             The game lasted 07:10:41 (60721 turns).

Chiseanne the Fetichist (Demonspawn Artificer)     Turns: 60721, Time: 07:10:42

HP -18/160       AC 22     Str 23      XL: 20   Next:  1%
MP  30/38        EV 23     Int 16      God: Nemelex Xobeh [******]
Gold 1209        SH 37     Dex 26      Spells:  5 memorised,  7 levels left

Res.Fire  : + + .   See Invis. : +   a - +6,+10 scimitar "Gesk" {elec, +Rage rF+ rC+}
Res.Cold  : + + +   Warding    : +   B - -2 chain mail "Shriofodi" {rElec MR+ Curse}
Life Prot.: + . .   Conserve   : .   z - +1 large shield
Res.Poison: +       Res.Corr.  : .   (helmet unavailable)
Res.Elec. : +       Clarity    : .   D - +0 cloak of Starlight {rElec rC+ EV+4 Stlth-}
Sust.Abil.: . .     Spirit.Shd : .   X - +0 pair of gloves of Good Intentions {rPois rF+ rC+ MR+ Dex+4}
Res.Mut.  : .       Stasis     : .   O - +2 pair of boots of Space {Dex+3}
Res.Rott. : +       Flight     : .   d - amulet "Loomaen" {Ward -Cast Acc+2}
Saprovore : + . .                    m - ring of Muoduamm {rElec AC+3 Dam+6}
                                     S - ring of regeneration

@: mighty, agile, very slightly contaminated, hasted, drained, very quick,
extraordinarily resistant to hostile enchantments, extremely unstealthy
A: antennae 3, foul stench 1, powered by pain 3, saprovore 1, AC +4, EV -1
a: Draw One, Peek at Two, Triple Draw, Deal Four, Stack Five, Renounce Religion,
Evoke Berserk Rage
}: 1/15 runes: serpentine


You were on level 3 of the Elven Halls.
You worshipped Nemelex Xobeh.
Nemelex Xobeh was exalted by your worship.
You were very hungry.

You visited 7 branches of the dungeon, and saw 44 of its levels.
You visited the Abyss 2 times.
You visited 1 bazaar.
You also visited: Labyrinth.

You collected 4549 gold pieces.
You spent 3280 gold pieces at shops.

Inventory:

Hand weapons
 a - the +6,+10 scimitar "Gesk" (weapon) {elec, +Rage rF+ rC+}
   (You found it on level 15 of the Dungeon)

   Occasionally, upon striking a foe, it will discharge some electrical energy
   and cause terrible harm.
   It protects you from fire.
   It protects you from cold.
   It lets you go berserk.
 s - the +7,+10 dagger "Kunom" (quivered) {elec, +Fly rN+ SInv}
   (You found it on level 5 of the Dungeon)

   Occasionally, upon striking a foe, it will discharge some electrical energy
   and cause terrible harm.
   It protects you from negative energy.
   It enhances your eyesight.
   It lets you fly.
Armour
 z - a +1 large shield (worn)
 B - the -2 chain mail "Shriofodi" (worn) {rElec MR+ Curse}
   (You bought it in a shop on level 1 of the Vaults)

   It insulates you from electricity.
   It affects your resistance to hostile enchantments.
   It may recurse itself.
 D - the +0 cloak of Starlight (worn) {rElec rC+ EV+4 Stlth-}
   (You found it on level 15 of the Dungeon)

   It affects your evasion (+4).
   It protects you from cold.
   It insulates you from electricity.
   It makes you much less stealthy.
 O - the +2 pair of boots of Space (worn) {Dex+3}
   (You bought it in a shop on level 1 of the Elven Halls)

   It affects your dexterity (+3).
 X - the +0 pair of gloves of Good Intentions (worn) {rPois rF+ rC+ MR+ Dex+4}
   (You found it on level 15 of the Dungeon)

   It affects your dexterity (+4).
   It protects you from fire.
   It protects you from cold.
   It protects you from poison.
   It affects your resistance to hostile enchantments.
Magical devices
 t - a wand of draining (7) {unknown}
 R - a wand of teleportation (2)
 T - a wand of digging (11)
 V - a wand of hasting (3)
Comestibles
 b - 3 bread rations
Scrolls
 c - 2 scrolls of blinking
 j - 3 scrolls of fear
 k - 10 scrolls of teleportation
 l - a scroll of magic mapping
 n - 2 scrolls of remove curse
 r - 4 scrolls of fog
 Z - a scroll of enchant weapon II
Jewellery
 d - the amulet "Loomaen" (around neck) {Ward -Cast Acc+2}
   (You took it off a yaktaur captain on level 21 of the Dungeon)

   [amulet of warding]

   It affects your accuracy (+2).
   It prevents spellcasting.
 m - the ring of Muoduamm (right hand) {rElec AC+3 Dam+6}
   (You bought it in a shop on level 11 of the Dungeon)

   [ring of protection]

   It affects your AC (+3).
   It affects your damage-dealing abilities (+6).
   It insulates you from electricity.
 S - a ring of regeneration (left hand)
Potions
 o - 8 potions of curing
 L - a potion of restore abilities
 Q - a potion of agility
Books
 H - a book of the Earth

   Spells                             Type                      Level
   Dig                                Earth                        4
   Leda's Liquefaction                Hexes/Earth                  4
   Bolt of Magma                      Conjuration/Fire/Earth       5
   Statue Form                        Transmutation/Earth          6
   Iron Shot                          Conjuration/Earth            6
   Shatter                            Earth                        9
Miscellaneous
 f - an ornate deck of escape {the Portal, left: 4} {god gift}
 g - a legendary deck of summonings {drawn: 1} {god gift}
 h - a legendary deck of escape {the Portal, left: 2} {god gift}
 i - an ornate deck of dungeons {the Trowel, left: 4} {god gift}
 p - an ornate deck of summonings {drawn: 6} {god gift}
 q - an ornate deck of destruction {god gift}
 u - an ornate deck of summonings {drawn: 6} {god gift}
 v - a plain deck of summonings {god gift}
 x - a phial of floods
 y - a legendary deck of escape {Warpwright, left: 4} {god gift}
 C - an ornate deck of summonings {drawn: 1} {god gift}
 F - a stone of tremors
 G - a legendary deck of destruction {drawn: 3} {god gift}
 I - a legendary deck of destruction {drawn: 1} {god gift}
 J - a fan of gales
 N - an ornate deck of summonings {drawn: 1} {god gift}
 P - a lamp of fire
 W - a legendary deck of summonings {drawn: 1} {god gift}
 Y - a legendary deck of summonings {drawn: 1} {god gift}
Rods
 e - a +6 rod of frigid destruction (17/17)
   (You found it on level 8 of the Lair of Beasts)
 w - a +9 rod of destruction (13/13)
   (You found it in a labyrinth)


   Skills:
 * Level 15.7(14.8) Fighting
 - Level 5.2(4.5) Short Blades
 * Level 10.8(10.0) Long Blades
   Level 4.3(3.6) Axes
   Level 1.0(0.4) Polearms
   Level 1.1(0.5) Staves
 * Level 10.2(9.4) Armour
 * Level 13.4(12.6) Dodging
 - Level 0.8(0.2) Stealth
 * Level 9.0(8.2) Shields
 - Level 12.3(11.5) Transmutations
 - Level 5.3(4.6) Fire Magic
 * Level 20.4(19.4) Evocations


You had 7 spell levels left.
You knew the following spells:

 Your Spells              Type           Power        Failure   Level  Hunger
a - Stoneskin             Trmt/Erth      ###.......   100%        2    ###....
c - Inner Flame           Hex/Fire       #.......     100%        3    ####...
d - Conjure Flame         Conj/Fire      #.......     100%        3    ####...
e - Corona                Hex            #......      100%        1    ##.....
f - Passwall              Trmt/Erth      ###.......   100%        3    ####...


Dungeon Overview and Level Annotations

Branches:
Dungeon (22/27)            Temple (1/1) D:7             Orc (4/4) D:9
    Elf (3/3) Orc:3          Lair (8/8) D:11         Shoals (0/5) Lair:5
  Snake (5/5) Lair:6        Slime (0/6) Lair:8       Vaults (1/5) D:19

Altars:
Ashenzari
Cheibriados
Elyvilon
Fedhas
Kikubaaqudgha
Makhleb
Nemelex Xobeh
Okawaru
Sif Muna
Trog
Vehumet
Xom
Yredelemnul
Zin
the Shining One
Jiyva

Shops:
D:6 *   D:7 [   D:10 %*?   D:11 =   Orc:4 =!}   Elf:1 [   Elf:2 }   Snake:5 /
Vaults:1 [

Portals:
Hell: D:21 D:22
Abyss: D:21
Trove: D:12 (give +6,+6 demon whip)

Annotations:
Lair:4 exclusion: oklob plant


Innate Abilities, Weirdness & Mutations

You have a pair of large antennae on your head (SInv).
You are completely covered in icy blue scales (AC +4, EV -1, rC+).
You emit a foul stench, and are resistant to rotting and decay.
You are powered by pain.
You can tolerate rotten meat.


Message History

The deep elf annihilator wields an elven short sword.
The deep elf sorcerer points at you and mumbles some strange words.
The bolt of negative energy hits you! You partially resist.
You feel drained.
* * * LOW HITPOINT WARNING * * *
You focus on the pain.
You feel agile all of a sudden.
The deep elf annihilator unwields an uncursed elven short sword.
The deep elf annihilator drops an uncursed elven short sword.
The deep elf annihilator picks up an elven sabre.
The deep elf annihilator wields an elven sabre.
Drink which item? (? for menu, Esc to quit)
You feel yourself speed up.
You are very lightly contaminated with residual magic.
Use which ability? (? or * to list) Draw from which deck? (? for menu, Esc to quit)
You draw Solitude.
The air shimmers briefly around you.
The deep elf sorcerer points at you and mumbles some strange words.
The hellfire explodes!
The blast of hellfire engulfs you!
You die...
Your body glows with a rainbow of weird colours and disappears.

#.# #.# #.# #.# #.#
#.## ###[#####
###.[######
#####@#######
#####.#######
####..#.##### #
######e#e.#.####.####
#####...[.()%e.).....
######.#..#.)).#.....
#####.##.###[.# #
#####.######.%#
?$?e#########..#


You could see a deep elf annihilator and 2 deep elf sorcerers.

Vanquished Creatures
  Saint Roka (D:22)
  Mara (D:21)
  A golden dragon (D:20)
  Xtahua (D:22)
  A deep elf blademaster (Elf:3)
  A lich (D:20)
  Frances (Elf:2)
  Agnes (Elf:2)
  Kirke (Snake:3)
  2 tengu reavers (D:21)
  A fire giant (D:22)
  An azure jelly (D:22)
  2 deep elf sorcerers (Elf:3)
  A vault warden (Vaults:1)
  Jorgrun (Vaults:1)
  A reaper (D:22)
  7 greater nagas (Snake:5)
  A stone giant (shapeshifter) (D:16)
  2 deep elf demonologists (Elf:3)
  2 deep elf annihilators
  The ghost of bmpenner the Destroyer, a powerful GrCj of Vehumet (Lair:2)
  The ghost of Mitsuki the Spear-Bearer, a powerful MiFi of Fedhas (Elf:1)
  An ettin (D:22)
  Snorg (Elf:3)
  6 deep elf death magi
  4 vault guards (Vaults:1)
  A minotaur (Lab)
  4 ironheart preservers (Vaults:1)
  A dragon (D:20)
  11 hydras
  6 yaktaur captains
  2 great orbs of eyes
  An ice dragon (D:19)
  A fire crab (shapeshifter) (D:18)
  3 ogre magi
  6 death yaks
  6 anacondas
  14 naga warriors
  The ghost of mopl the Thaumaturge, a powerful DEWz of Sif Muna (Lair:2)
  5 spectral elves
  2 fire crabs
  A thrashing horror (Abyss:1)
  2 very ugly things (Vaults:1)
  3 orc high priests (Orc:4)
  An iron troll (D:21)
  Nergalle (Orc:3)
  14 centaur warriors
  A catoblepas (Lair:6)
  6 skeletal warriors
  8 deep elf knights
  A large abomination (Abyss:1)
  A golden dragon zombie (D:20)
  A giant orange brain (D:22)
  5 unseen horrors
  2 wizards (D:19)
  An air elemental (D:21)
  10 hill giants
  A flayed ghost (D:21)
  A sphinx zombie (Vaults:1)
  3 griffons
  6 harpies
  A wolf spider zombie (D:20)
  5 orc sorcerers
  Joseph (Orc:4)
  A spectral human (Vaults:1)
  3 necromancers
  15 orc knights
  8 deep elf conjurers
  2 red wasps
  4 fire giant zombies
  6 wolf spiders
  3 stone giant zombies
  30 black mambas
  A frost giant zombie (D:20)
  5 cyclopes
  A black mamba (shapeshifter) (D:14)
  6 stone giant skeletons
  9 deep elf summoners
  7 elephants
  3 spiny worms
  12 spiny frogs
  A feature mimic (Elf:1)
  An item mimic (Orc:1)
  3 vault sentinels (Vaults:1)
  A spiny frog (shapeshifter) (D:21)
  A queen ant (Lair:8)
  4 fire drakes
  An iron troll zombie (D:18)
  5 demonic crawlers
  3 orange demons (Abyss:1)
  2 smoke demons (Abyss:1)
  The ghost of M4edhros the Shield-Bearer, an experienced OpAr of Makhleb (D:5)
  5 hellwings
  3 ancient zymes (Abyss:1)
  A red devil (Orc:4)
  An efreet (Abyss:1)
  12 naga magi
  10 trolls
  10 yaktaurs
  An iron devil (Elf:3)
  7 deep elf priests
  A spriggan (shapeshifter) (D:16)
  3 blue devils
  A jumping spider (D:18)
  4 boulder beetles
  16 blink frogs
  9 komodo dragons
  Prince Ribbit (D:9)
  A wind drake (shapeshifter) (Vaults:1)
  A harpy skeleton (D:18)
  5 two-headed ogres
  A raven (shapeshifter) (D:22)
  26 slime creatures
  A wolf spider simulacrum (D:16)
  A hydra skeleton (D:17)
  4 giant fireflies
  2 red wasp zombies
  A sphinx simulacrum (D:21)
  A griffon zombie (D:18)
  55 ugly things
  5 tarantellas
  5 water elementals (D:21)
  A redback (shapeshifter) (D:20)
  7 basilisks
  7 redbacks
  5 wyverns
  3 vampires
  An ice dragon skeleton (D:17)
  A griffon skeleton (D:15)
  2 trapdoor spiders
  8 hippogriffs
  10 sharks
  3 wraiths
  58 yaks
  15 deep elf magi
  2 hippogriffs (shapeshifter)
  16 vampire mosquitoes
  Eustachio (Orc:2)
  29 deep elf fighters
  Grum (D:9)
  A merfolk (shapeshifter) (D:17)
  3 hill giant skeletons
  13 wolves
  6 hogs (Snake:3)
  Menkaure (D:6)
  3 manticores
  9 rock worms
  A swamp drake (D:9)
  2 small abominations
  19 soldier ants
  3 mottled dragons
  84 nagas
  3 freezing wraiths
  5 giant goldfish
  2 deep troll skeletons
  9 porcupines
  5 ice beasts
  5 yellow wasps
  A griffon simulacrum (D:14)
  19 centaurs
  A deep dwarf (D:14)
  2 hell hounds (Lair:8)
  40 orc warriors
  A red wasp simulacrum (D:20)
  A centaur (shapeshifter) (D:22)
  2 phantoms
  4 big kobolds
  3 brain worms
  11 ogres
  3 rotting devils
  9 wargs
  8 giant slugs
  29 water moccasins
  17 giant frogs
  A yaktaur zombie (D:20)
  20 crocodiles
  Blork the orc (D:5)
  A spiny worm simulacrum (D:18)
  A draconian (shapeshifter) (D:22)
  A yaktaur skeleton (D:16)
  8 agate snails
  A cyclops zombie (D:15)
  2 cyclops skeletons
  26 killer bees
  14 wights
  A boulder beetle zombie (Vaults:1)
  5 electric eels
  A goliath beetle (D:15)
  5 big fish
  A starcursed mass (Abyss:1)
  A yellow wasp zombie (D:14)
  13 crimson imps
  6 jellies
  A two-headed ogre zombie (D:11)
  Crazy Yiuf (D:3)
  An iron imp (Abyss:1)
  22 orc priests
  19 hounds
  4 humans (D:19)
  18 iguanas
  32 orc wizards
  A boulder beetle simulacrum (Vaults:1)
  9 orange rats
  4 scorpions
  45 worker ants
  A yak simulacrum (D:15)
  8 sheep
  A big kobold zombie (D:12)
  An ogre skeleton (D:4)
  Ijyb (D:4)
  5 mummies
  43 adders
  8 gnolls
  58 green rats
  2 lemures
  A white imp (Orc:2)
  2 shadow imps
  3 worms
  A giant mite (D:3)
  11 ufetubi (Elf:3)
  A giant centipede zombie (D:11)
  A giant eyeball (D:7)
  9 giant geckos
  An ooze (D:3)
  185 orcs
  33 bats
  A bat skeleton (D:7)
  6 giant cockroaches
  21 hobgoblins
  31 jackals
  43 kobolds
  9 quokkas
  5 ball pythons
  7 giant newts
  3 giant spores
  19 goblins
  A goblin skeleton (D:5)
  A hobgoblin skeleton (D:9)
  A hobgoblin zombie (D:5)
  A kobold skeleton (D:6)
  18 rats
  A rat zombie (D:6)
  3 spectral orcs
  5 ballistomycetes
  2 crawling corpses (Vaults:1)
  7 fungi
  44 plants
  4 toadstools (Lair:4)
1887 creatures vanquished.

Vanquished Creatures (collateral kills)
  Sojobo (D:21)
  The ghost of oink the Axe Maniac, a mighty MiBe of the Shining One (D:21)
  Jory (Snake:5)
  2 acid blobs (Lair:8)
  A deep elf master archer (Elf:3)
  A player illusion (D:21)
  A frost giant (D:22)
  A tentacled starspawn (Abyss:1)
  Louise (D:15)
  Gastronok (Orc:2)
  A deep elf demonologist (Elf:3)
  A yaktaur captain (D:20)
  Fannar (Lair:3)
  Josephine (D:13)
  The ghost of Brokkr the Bludgeoner, a powerful GrFi of Makhleb (Lair:2)
  6 hydras
  6 death yaks
  An ogre mage (D:20)
  2 naga warriors (Snake:5)
  Urug (D:13)
  A storm dragon zombie (D:20)
  3 centaur warriors
  5 skeletal warriors
  A deep elf knight (D:18)
  An unseen horror (D:18)
  2 large abominations (Abyss:1)
  4 hill giants
  A giant orange brain (Abyss:1)
  A red wasp (Vaults:1)
  3 orc knights
  A griffon (D:21)
  4 cyclopes
  A fire giant zombie (D:19)
  A deep elf summoner (D:18)
  A sphinx skeleton (D:17)
  A guardian serpent (shapeshifter) (D:20)
  3 air elementals
  2 stone giant skeletons
  5 elephants
  A spiny frog (Lair:5)
  4 black mambas
  Psyche (D:13)
  A demonic crawler (Abyss:1)
  A queen ant (Lair:6)
  An orb spider (shapeshifter) (D:20)
  3 naga magi (Snake:5)
  A wandering mushroom (Lair:5)
  5 komodo dragons
  6 blink frogs
  2 giant fireflies
  Sonja (D:11)
  A troll (D:18)
  2 two-headed ogres (D:20)
  9 slime creatures
  2 hydra skeletons (D:13)
  2 basilisks (Lair:5)
  16 ugly things
  A wyvern (Lair:3)
  2 redbacks (D:18)
  9 yaks
  3 wolves (Lair:5)
  A hippogriff (D:12)
  A vampire mosquito (D:21)
  2 rock worms
  5 soldier ants (Lair:6)
  7 orc warriors
  A porcupine (Lair:5)
  A necrophage (D:12)
  A small abomination (Abyss:1)
  An ice beast (Lair:3)
  4 nagas (Snake:5)
  2 yellow wasps (D:20)
  A centaur (D:11)
  5 ogres
  2 water moccasins (Lair:6)
  2 big kobolds
  A boring beetle (D:21)
  A giant slug (Vaults:1)
  4 giant frogs
  An agate snail (Lair:2)
  2 insubstantial wisps (D:22)
  A yak zombie (D:13)
  A jellyfish (D:10)
  A killer bee (D:9)
  A yak skeleton (D:13)
  9 wights
  2 orc priests
  A starcursed mass (Abyss:1)
  A soldier ant zombie (D:13)
  A hound (Lair:8)
  A scorpion (Lair:2)
  4 orange rats (D:18)
  16 worker ants
  3 orc wizards
  4 sheep
  A mottled dragon zombie (D:13)
  A giant centipede (Lair:5)
  10 green rats
  2 adders
  2 gnolls
  A white imp (Elf:3)
  A giant centipede zombie (D:11)
  10 orcs
  A giant cockroach (D:1)
  2 hobgoblins
  A jackal (D:6)
  2 ball pythons (Lair:6)
  8 kobolds
  2 rats
  A fungus (Lair:2)
  3 plants
286 creatures vanquished.

Vanquished Creatures (others)
  A bone dragon (D:19)
  8 chimeras
  A naga warrior (Snake:5)
  7 dancing weapons
  3 very ugly things
  A centaur warrior (D:18)
  A skeletal warrior (D:21)
  A griffon (D:21)
  7 air elementals
  A spiny frog (Lair:3)
  An orange demon (D:21)
  A stone giant skeleton (D:22)
  A yaktaur (D:20)
  10 vapours
  An iron devil (Lair:2)
  A red devil (Lair:2)
  A blue devil (D:13)
  A naga mage (Snake:5)
  2 komodo dragons
  9 giant fireflies
  A hydra skeleton (D:15)
  5 grizzly bears (Lair:8)
  9 ugly things
  A ynoxinul (Abyss:1)
  4 hippogriffs
  4 vampire mosquitoes (D:21)
  A hog (D:21)
  A chaos spawn (D:18)
  A wolf (Lair:5)
  3 black bears
  6 nagas
  4 soldier ants
  A porcupine (Lair:6)
  13 yellow wasps
  An orc warrior (D:15)
  A boring beetle (Lair:5)
  A warg (Lair:8)
  A giant frog (Lair:6)
  4 agate snails (Lair:8)
  5 insubstantial wisps
  A quasit (D:13)
  9 hounds
  A giant frog skeleton (Lab)
  2 iron imps (Lair:5)
  An orange rat (Lair:5)
  A worker ant (Lair:6)
  2 sheep
  A crocodile skeleton (Lair:5)
  3 lemures
  An adder (Snake:5)
  2 white imps
  5 green rats (Lair:6)
  2 shadow imps
  An ufetubus (D:20)
  A quokka (Lair:6)
  A giant spore (D:15)
  An orc skeleton (Orc:2)
  3 fungi
  7 plants
  3 starspawn tentacles (Abyss:1)
  24 starspawn tentacle segments (Abyss:1)
  6 toadstools (Lair:4)
204 creatures vanquished.

Grand Total: 2377 creatures vanquished

Notes
Turn   | Place    | Note
--------------------------------------------------------------
     0 | D:1      | Chiseanne, the Demonspawn Artificer, began the quest for the Orb.
     0 | D:1      | Reached XP level 1. HP: 16/16 MP: 1/1
   240 | D:1      | Gained mutation: You can tolerate rotten meat. [demonic ancestry]
   240 | D:1      | Reached XP level 2. HP: 9/22 MP: 3/3
   780 | D:1      | Gained mutation: You have a pair of small horns on your head. [potion of beneficial mutation]
   835 | D:1      | Gained mutation: Your system is resistant to poisons. [potion of mutation]
   835 | D:1      | Gained mutation: You have a slow metabolism. [potion of mutation]
   835 | D:1      | Gained mutation: You occasionally shout uncontrollably. [potion of mutation]
  1289 | D:2      | Reached XP level 3. HP: 27/27 MP: 4/4
  1428 | D:2      | Reached skill level 4 in Evocations
  1676 | D:2      | Reached XP level 4. HP: 30/33 MP: 6/6
  1706 | D:2      | Reached skill level 1 in Armour
  2062 | D:3      | HP: 1/33 [orc wizard/glowing orcish dagger (3)]
  2501 | D:3      | Reached skill level 1 in Polearms
  2501 | D:3      | Gained mutation: You emit a foul stench, and are resistant to rotting and decay. [demonic ancestry]
  2501 | D:3      | Reached XP level 5. HP: 5/39 MP: 8/8
  3015 | D:3      | Noticed Crazy Yiuf
  3026 | D:3      | Killed Crazy Yiuf
  3217 | D:3      | Noticed Grinder
  3237 | D:3      | Paralysed by Grinder for 2 turns
  3245 | D:3      | Noticed Grinder
  3245 | D:3      | Grinder changed into Grinder the crimson imp
  3246 | D:3      | Killed Grinder the crimson imp
  3519 | D:3      | Reached skill level 1 in Staves
  3617 | D:3      | Gained mutation: You are partially covered in icy blue scales (AC +1). [demonic ancestry]
  3617 | D:3      | Reached XP level 6. HP: 43/45 MP: 10/10
  3637 | D:3      | Found a sparkling altar of Nemelex Xobeh.
  3663 | D:3      | Became a worshipper of Nemelex Xobeh
  3668 | D:3      | Received a gift from Nemelex Xobeh
  3685 | D:3      | Received a gift from Nemelex Xobeh
  3802 | D:3      | Acquired Nemelex Xobeh's first power
  3919 | D:3      | Noticed a phantom
  3929 | D:3      | Killed a phantom
  4777 | D:4      | Acquired Nemelex Xobeh's second power
  5065 | D:4      | Noticed Ijyb
  5075 | D:4      | Killed Ijyb
  5153 | D:4      | Reached skill level 13 in Fighting
  5153 | D:4      | Lost mutation: You have a pair of small horns on your head. [demonic ancestry]
  5153 | D:4      | Gained mutation: You have a pair of small antennae on your head. [demonic ancestry]
  5153 | D:4      | Reached XP level 7. HP: 49/60 MP: 9/12
  5232 | D:4      | Reached skill level 10 in Evocations
  5232 | D:4      | Reached XP level 8. HP: 68/68 MP: 11/20
  5427 | D:5      | Entered Level 5 of the Dungeon
  5810 | D:5      | Acquired Nemelex Xobeh's third power
  5820 | D:5      | Got a pitted dagger
  5821 | D:5      | Identified the cursed +7,+10 dagger "Kunom" {elec, +Fly rN+ SInv} (You found it on level 5 of the Dungeon)
  5829 | D:5      | Received a gift from Nemelex Xobeh
  5866 | D:5      | Noticed M4edhros' ghost (experienced OpAr)
  5885 | D:5      | Killed M4edhros' ghost
  5885 | D:5      | Reached skill level 1 in Short Blades
  6064 | D:5      | Noticed Blork the orc
  6068 | D:5      | Killed Blork the orc
  6311 | D:6      | Found Chattame's Elemental Accessories.
  6325 | D:6      | Found a deep blue altar of Sif Muna.
  6334 | D:6      | Acquired Nemelex Xobeh's fourth power
  6334 | D:6      | Received a gift from Nemelex Xobeh
  6336 | D:6      | Gained mutation: You are mostly covered in icy blue scales (AC +3, EV -1). [demonic ancestry]
  6336 | D:6      | Reached XP level 9. HP: 72/74 MP: 15/22
  6565 | D:6      | Learned a level 1 spell: Corona
  6568 | D:6      | Learned a level 2 spell: Slow
  6629 | D:6      | Noticed Menkaure
  6632 | D:6      | Received a gift from Nemelex Xobeh
  6931 | D:6      | Paralysed by a potion of paralysis for 4 turns
  6951 | D:6      | Killed Menkaure
  7062 | D:6      | Found a bloodstained altar of Trog.
  7167 | D:7      | Found a deep blue altar of Sif Muna.
  7213 | D:7      | Found a basalt altar of Yredelemnul.
  7393 | D:7      | Acquired Nemelex Xobeh's fifth power
  7429 | D:7      | Received a gift from Nemelex Xobeh
  7617 | D:7      | Found a staircase to the Ecumenical Temple.
  7680 | D:7      | Paralysed by a giant eyeball for 2 turns
  7684 | D:7      | Paralysed by a giant eyeball for 2 turns
  7690 | D:7      | Paralysed by a giant eyeball for 3 turns
  7734 | Temple   | Entered the Ecumenical Temple
  7980 | D:7      | Found Zug Laz's Antique Armour Boutique.
  7998 | D:7      | Bought a buckler for 72 gold pieces
  8004 | D:7      | Bought a buckler for 72 gold pieces
  8991 | D:9      | Noticed Grum
  9024 | D:9      | Killed Grum
  9024 | D:9      | Reached XP level 10. HP: 44/82 MP: 24/24
  9192 | D:9      | Noticed Prince Ribbit
  9201 | D:9      | Killed Prince Ribbit
  9278 | D:9      | Reached skill level 1 in Shields
  9771 | D:9      | Reached skill level 5 in Dodging
 10265 | D:9      | Found a staircase to the Orcish Mines.
 10410 | D:9      | Received a gift from Nemelex Xobeh
 10524 | D:10     | Entered Level 10 of the Dungeon
 10564 | D:10     | Found Phaaczarr's Assorted Antiques.
 10605 | D:10     | Found Schufo's Food Emporium.
 10613 | D:10     | Found Blasm's Magic Scroll Emporium.
 10640 | D:10     | Bought a scroll of noise for 14 gold pieces
 10679 | D:10     | Upgraded the game from 0.13.1 to 0.13.1-2-gfb2c2b7
 10984 | D:10     | Noticed a hill giant
 11001 | D:10     | Killed a hill giant
 11449 | D:11     | Received a gift from Nemelex Xobeh
 11482 | D:11     | Found a staircase to the Lair.
 11595 | D:11     | Noticed Sonja
 11613 | D:11     | Killed Sonja
 11704 | D:11     | Received a gift from Nemelex Xobeh
 11799 | D:11     | Found Losm's Jewellery Boutique.
 12108 | D:11     | Gained mutation: You sometimes gain a little power by taking damage. [demonic ancestry]
 12108 | D:11     | Reached XP level 11. HP: 80/89 MP: 25/25
 12157 | D:11     | Noticed a cyclops
 12165 | D:11     | Killed a cyclops
 12180 | D:11     | Received a gift from Nemelex Xobeh
 12306 | D:11     | Noticed a cyclops
 12321 | D:11     | Killed a cyclops
 12529 | D:11     | Got a transparent war axe
 12530 | D:11     | Identified the +9,+8 war axe of Phuykk {chop, rF+ Str+3} (You found it on level 11 of the Dungeon)
 12998 | D:11     | Learned a level 3 spell: Inner Flame
 13003 | Lair:1   | Entered Level 1 of the Lair of Beasts
 13279 | Lair:1   | Received a gift from Nemelex Xobeh
 13328 | Lair:1   | Reached skill level 1 in Axes
 13699 | Lair:2   | Noticed a five-headed hydra
 13699 | Lair:2   | Noticed Brokkr's ghost (powerful GrFi)
 13748 | D:12     | Received a gift from Nemelex Xobeh
 14119 | D:12     | Found a portal to a secret trove of treasure.
 14475 | D:13     | Noticed Josephine
 14476 | D:13     | Received a gift from Nemelex Xobeh
 14484 | D:13     | Killed Josephine
 14520 | D:13     | Found a shattered altar of Ashenzari.
 14607 | D:13     | Noticed Psyche
 14618 | D:13     | Killed Psyche
 14731 | D:13     | Noticed a hill giant
 14744 | D:13     | Killed a hill giant
 14766 | D:13     | Received a gift from Nemelex Xobeh
 14832 | D:13     | Noticed Urug
 14845 | D:13     | Noticed a skeletal warrior
 14866 | D:13     | Killed a skeletal warrior
 14874 | D:13     | Killed Urug
 15272 | D:13     | Noticed a hill giant
 15274 | D:13     | Received a gift from Nemelex Xobeh
 15277 | D:13     | Noticed a skeletal warrior
 15285 | D:13     | a hill giant (ally) was killed
 15298 | D:13     | Killed a skeletal warrior
 15782 | D:14     | Entered Level 14 of the Dungeon
 15787 | D:14     | Noticed a hill giant
 15800 | D:14     | Killed a hill giant
 15905 | D:14     | Noticed a hill giant
 15919 | D:14     | Killed a hill giant
 15919 | D:14     | Gained mutation: You sometimes gain power by taking damage. [demonic ancestry]
 15919 | D:14     | Reached XP level 12. HP: 97/97 MP: 27/27
 16215 | D:14     | Received a gift from Nemelex Xobeh
 16927 | D:15     | Entered Level 15 of the Dungeon
 16941 | D:15     | Found a labyrinth entrance.
 16982 | Lab      | Entered a labyrinth
 17561 | Lab      | Noticed a minotaur
 17568 | Lab      | Killed a minotaur
 17576 | Lab      | Identified the Catalogue of Conjuration and Heat
 17581 | Lab      | Identified a +5 rod of destruction (10/10) (You found it in a labyrinth)
 17595 | Lab      | Received a gift from Nemelex Xobeh
 17858 | D:15     | Paralysed by you for 5 turns
 18032 | D:15     | Found an iron altar of Okawaru.
 18252 | D:15     | Found a snail-covered altar of Cheibriados.
 18372 | D:15     | Received a gift from Nemelex Xobeh
 18714 | D:15     | Reached skill level 5 in Short Blades
 18717 | D:15     | Noticed Louise
 18722 | D:15     | Reached skill level 15 in Evocations
 18722 | D:15     | Reached XP level 13. HP: 73/104 MP: 27/30
 18727 | D:15     | Received a gift from Nemelex Xobeh
 18740 | D:15     | Cast into the Abyss (Louise)
 18901 | Abyss:1  | Noticed a tentacled starspawn
 18909 | Abyss:1  | Killed a tentacled starspawn
 18950 | D:15     | Escaped the Abyss
 18984 | D:15     | Killed Louise
 18992 | D:15     | Received a gift from Nemelex Xobeh
 19019 | D:15     | Received a gift from Nemelex Xobeh
 19035 | D:15     | Lost mutation: You have a slow metabolism. [helix card]
 19081 | D:15     | Got a pair of shimmering gloves
 19085 | D:15     | Identified the +0 pair of gloves of Good Intentions {rPois rF+ rC+ MR+ Dex+4} (You found it on level 15 of the Dungeon)
 19180 | D:15     | Reached skill level 1 in Fire Magic
 19187 | D:15     | Got a bloodstained cap
 19190 | D:15     | Identified the +1 cap of Halysk {Acc+4} (You found it on level 15 of the Dungeon)
 19238 | D:15     | Got a crystal scimitar
 19248 | D:15     | Identified the +6,+10 scimitar "Gesk" {elec, +Rage rF+ rC+} (You found it on level 15 of the Dungeon)
 19547 | Lair:2   | Noticed mopl's ghost (powerful DEWz)
 19714 | Lair:2   | Noticed a seven-headed hydra
 19740 | Lair:2   | Received a gift from Nemelex Xobeh
 19745 | Lair:2   | Killed a seven-headed hydra
 19938 | Lair:2   | Received a gift from Nemelex Xobeh
 19952 | Lair:2   | Killed Brokkr's ghost
 20075 | Lair:2   | Killed a five-headed hydra
 20075 | Lair:2   | Received a gift from Nemelex Xobeh
 20230 | Lair:2   | Killed mopl's ghost
 20436 | Lair:2   | Noticed bmpenner's ghost (powerful GrCj)
 20473 | Lair:2   | Killed bmpenner's ghost
 20833 | Lair:2   | Reached skill level 5 in Fire Magic
 21176 | Lair:3   | Noticed Fannar
 21186 | Lair:3   | Killed Fannar
 21499 | Lair:3   | Received a gift from Nemelex Xobeh
 21607 | Lair:3   | Reached skill level 16 in Evocations
 21607 | Lair:3   | Gained mutation: You are completely covered in icy blue scales (AC +4, EV -1, rC+). [demonic ancestry]
 21607 | Lair:3   | Reached XP level 14. HP: 111/111 MP: 31/31
 21715 | Lair:3   | Found a white marble altar of Elyvilon.
 22078 | Lair:4   | Reached skill level 1 in Long Blades
 22089 | Lair:4   | Received a gift from Nemelex Xobeh
 22399 | Lair:4   | Found a blossoming altar of Fedhas.
 23416 | Lair:5   | Reached skill level 5 in Armour
 23425 | Lair:5   | Lost mutation: You occasionally shout uncontrollably. [potion of cure mutation]
 23425 | Lair:5   | Lost mutation: Your system is resistant to poisons. [potion of cure mutation]
 23508 | Lair:5   | Received a gift from Nemelex Xobeh
 23585 | Lair:5   | Found a staircase to the Shoals.
 23982 | Lair:5   | Received a gift from Nemelex Xobeh
 24452 | Lair:5   | Received a gift from Nemelex Xobeh
 24714 | Lair:1   | Learned a level 3 spell: Conjure Flame
 25372 | D:11     | Bought the ring of Muoduamm {rElec AC+3 Dam+6} for 862 gold pieces
 25824 | Lair:6   | Found a staircase to the Snake Pit.
 25995 | Lair:6   | Received a gift from Nemelex Xobeh
 26402 | Lair:6   | Reached skill level 5 in Shields
 26984 | Lair:6   | Reached skill level 5 in Long Blades
 27015 | Lair:6   | Received a gift from Nemelex Xobeh
 27115 | Lair:7   | Received a gift from Nemelex Xobeh
 27418 | Lair:7   | Reached skill level 10 in Dodging
 28253 | Lair:8   | Entered Level 8 of the Lair of Beasts
 28268 | Lair:8   | Gained mutation: You have a pair of antennae on your head. [demonic ancestry]
 28268 | Lair:8   | Reached XP level 15. HP: 119/119 MP: 32/32
 28372 | Lair:8   | Received a gift from Nemelex Xobeh
 28406 | Lair:8   | Reached skill level 17 in Evocations
 28524 | Lair:8   | Received a gift from Nemelex Xobeh
 28637 | Lair:8   | Received a gift from Nemelex Xobeh
 28683 | Lair:8   | Reached skill level 18 in Evocations
 28832 | Lair:8   | Reached XP level 16. HP: 61/127 MP: 30/34
 29104 | Lair:8   | Noticed an acid blob
 29105 | Lair:8   | Found a staircase to the Slime Pits.
 29105 | Lair:8   | Noticed an acid blob
 29172 | Lair:8   | Got a transparent hand axe
 29173 | Lair:8   | Identified the +7,+9 hand axe of Midsummer {drain, Dex-5 Stlth++} (You found it on level 8 of the Lair of Beasts)
 29178 | Lair:8   | Received a gift from Nemelex Xobeh
 29247 | Lair:8   | Killed an acid blob
 29251 | Lair:8   | Killed an acid blob
 29551 | Lair:8   | Identified a +3 rod of frigid destruction (14/14) (You found it on level 8 of the Lair of Beasts)
 30773 | D:16     | Received a gift from Nemelex Xobeh
 31817 | D:17     | Received a gift from Nemelex Xobeh
 32218 | D:17     | Found Quagoanu's Food Shoppe.
 32244 | D:17     | Cast into the Abyss (ogre mage)
 32244 | Abyss:1  | Found a corrupted altar of Lugonu.
 32434 | Abyss:1  | Paralysed by accursed screaming for 1 turns
 32934 | D:17     | Escaped the Abyss
 32940 | D:17     | Received a gift from Nemelex Xobeh
 33089 | D:17     | Bought an apple for 8 gold pieces
 33089 | D:17     | Bought a pear for 8 gold pieces
 33089 | D:17     | Bought an apple for 8 gold pieces
 33089 | D:17     | Bought an apple for 8 gold pieces
 34843 | D:18     | Received a gift from Nemelex Xobeh
 35998 | D:18     | Received a gift from Nemelex Xobeh
 36096 | D:18     | Received a gift from Nemelex Xobeh
 36411 | D:19     | Found a gateway to a bazaar.
 36484 | Bazaar   | Entered a bazaar
 36484 | Bazaar   | Found Bleugh's Jewellery Emporium.
 36485 | Bazaar   | Found Fiaroduj's Book Shop.
 36497 | Bazaar   | Found Pacin's Armour Boutique.
 36526 | Bazaar   | Found Asuimmoo's Weapon Emporium.
 36531 | Bazaar   | Found Ytsocwuige's Gadget Emporium.
 36793 | D:19     | Gained mutation: You have a pair of large antennae on your head (SInv). [demonic ancestry]
 36793 | D:19     | Reached XP level 17. HP: 135/135 MP: 35/35
 37144 | D:19     | Found a staircase to the Vaults.
 37297 | D:19     | Reached skill level 1 in Transmutations
 37405 | D:20     | Entered Level 20 of the Dungeon
 37712 | D:20     | Received a gift from Nemelex Xobeh
 37866 | D:20     | Reached skill level 5 in Transmutations
 38531 | D:20     | Received a gift from Nemelex Xobeh
 38734 | D:20     | Noticed a golden dragon
 38746 | D:20     | Killed a golden dragon
 39684 | D:20     | Reached skill level 10 in Transmutations
 39770 | D:20     | Received a gift from Nemelex Xobeh
 40179 | Lair:1   | Learned a level 2 spell: Stoneskin
 40183 | Lair:1   | Learned a level 3 spell: Passwall
 40498 | Orc:1    | Entered Level 1 of the Orcish Mines
 40797 | Orc:2    | Noticed Eustachio
 40806 | Orc:2    | Killed Eustachio
 40835 | Orc:2    | Received a gift from Nemelex Xobeh
 41049 | Orc:2    | Noticed Gastronok
 41075 | Orc:2    | Killed Gastronok
 41184 | Orc:2    | Received a gift from Nemelex Xobeh
 41202 | Orc:2    | Found a bloodstained altar of Trog.
 41475 | Orc:1    | Received a gift from Nemelex Xobeh
 41720 | Orc:3    | Found a staircase to the Elven Halls.
 41910 | Orc:3    | Received a gift from Nemelex Xobeh
 42081 | Orc:4    | Entered Level 4 of the Orcish Mines
 42081 | Orc:4    | Noticed Joseph
 42089 | Orc:4    | Killed Joseph
 42109 | Orc:4    | Noticed Nergalle
 42137 | Orc:3    | Killed Nergalle
 42546 | Orc:4    | Received a gift from Nemelex Xobeh
 43145 | Orc:4    | Received a gift from Nemelex Xobeh
 43176 | Orc:4    | Reached skill level 15 in Fighting
 43318 | Orc:4    | Found Doamno's Gadget Shoppe.
 43319 | Orc:4    | Found Quluim's Food Shop.
 43320 | Orc:4    | Found Wuewamm's Distillery.
 43342 | Orc:4    | Found Oxze Gic's Jewellery Shop.
 43361 | Orc:4    | Bought a pear for 9 gold pieces
 43361 | Orc:4    | Bought an apple for 9 gold pieces
 43361 | Orc:4    | Bought a pear for 9 gold pieces
 43367 | Orc:4    | Bought a meat ration for 48 gold pieces
 43367 | Orc:4    | Bought a meat ration for 48 gold pieces
 43367 | Orc:4    | Bought a meat ration for 48 gold pieces
 43367 | Orc:4    | Bought a meat ration for 48 gold pieces
 43367 | Orc:4    | Bought a bread ration for 48 gold pieces
 43644 | D:6      | Bought a lamp of fire for 1000 gold pieces
 44167 | D:21     | Noticed oink's ghost (mighty MiBe)
 44169 | D:21     | Received a gift from Nemelex Xobeh
 44445 | D:21     | Got a faintly glowing diamond amulet
 44725 | Lair:1   | Identified the amulet "Vioda" {Stasis rN+ Stlth-} (You found it on level 21 of the Dungeon)
 45039 | D:21     | Noticed Sojobo
 45043 | D:21     | Received a gift from Nemelex Xobeh
 45053 | D:21     | Killed Sojobo
 45070 | D:21     | Killed oink's ghost
 45271 | D:21     | Found a one-way gate to the infinite horrors of the Abyss.
 45498 | D:21     | Gained mutation: You are powered by pain. [demonic ancestry]
 45498 | D:21     | Reached XP level 18. HP: 107/143 MP: 36/36
 45956 | D:21     | Noticed Mara
 45967 | D:21     | Noticed Chiseanne's illusion
 45969 | D:21     | Received a gift from Nemelex Xobeh
 45970 | D:21     | Noticed Mara
 45970 | D:21     | Noticed Mara
 46026 | D:21     | Killed Chiseanne's illusion
 46031 | D:21     | Killed Mara
 46035 | D:21     | Received a gift from Nemelex Xobeh
 46431 | D:21     | Reached skill level 19 in Evocations
 46448 | D:21     | Received a gift from Nemelex Xobeh
 46763 | D:21     | Got a fine garnet amulet
 46830 | D:21     | Found a gateway to Hell.
 47051 | D:22     | Found a bloodstained altar of Trog.
 47440 | D:22     | Received a gift from Nemelex Xobeh
 47928 | D:22     | Noticed Saint Roka
 47939 | D:22     | Killed Saint Roka
 47942 | D:22     | Received a gift from Nemelex Xobeh
 48052 | D:22     | Received a gift from Nemelex Xobeh
 48276 | D:22     | Noticed Xtahua
 48288 | D:22     | Killed Xtahua
 48288 | D:22     | Reached skill level 10 in Long Blades
 48577 | D:22     | Found a viscous altar of Jiyva.
 48668 | D:22     | Received a gift from Nemelex Xobeh
 48839 | D:17     | Bought a bread ration for 40 gold pieces
 48839 | D:17     | Bought a bread ration for 40 gold pieces
 48839 | D:17     | Bought a meat ration for 40 gold pieces
 48839 | D:17     | Bought a bread ration for 40 gold pieces
 48839 | D:17     | Bought a bread ration for 40 gold pieces
 48839 | D:17     | Bought a bread ration for 40 gold pieces
 48839 | D:17     | Bought a meat ration for 40 gold pieces
 49169 | Snake:1  | Entered Level 1 of the Snake Pit
 49269 | Snake:1  | Found a bloodstained altar of Trog.
 49618 | Snake:1  | Identified the amulet "Loomaen" {Ward -Cast Acc+2} (You took it off a yaktaur captain on level 21 of the Dungeon)
 50200 | Snake:2  | Received a gift from Nemelex Xobeh
 50641 | Snake:3  | Noticed Kirke
 50647 | Snake:3  | Killed Kirke
 52018 | Snake:4  | Received a gift from Nemelex Xobeh
 52558 | Snake:4  | Received a gift from Nemelex Xobeh
 52952 | Snake:5  | Entered Level 5 of the Snake Pit
 52952 | Snake:5  | Found Shraimogo's Magical Wand Shoppe.
 53016 | Snake:5  | Received a gift from Nemelex Xobeh
 53039 | Snake:5  | Received a gift from Nemelex Xobeh
 53426 | Snake:5  | Received a gift from Nemelex Xobeh
 53816 | Snake:5  | Reached XP level 19. HP: 137/151 MP: 37/37
 53865 | Snake:5  | Noticed Jory
 53889 | Snake:5  | Killed Jory
 53996 | Snake:5  | Received a gift from Nemelex Xobeh
 54438 | Snake:5  | Received a gift from Nemelex Xobeh
 54498 | Snake:5  | Got a serpentine rune of Zot
 55129 | Vaults:1 | Entered Level 1 of the Vaults
 55488 | Vaults:1 | Found Weuquinko's Antique Armour Shop.
 55497 | Vaults:1 | Bought a shimmering chain mail for 416 gold pieces
 55497 | Vaults:1 | Bought a dull robe for 148 gold pieces
 55520 | Vaults:1 | Identified the cursed -2 chain mail "Shriofodi" {rElec MR+ Curse} (You bought it in a shop on level 1 of the Vaults)
 55534 | Vaults:1 | Identified the +1 robe of the Lost Wars {Str+3} (You bought it in a shop on level 1 of the Vaults)
 55593 | Vaults:1 | Received a gift from Nemelex Xobeh
 56047 | Vaults:1 | Received a gift from Nemelex Xobeh
 56128 | Vaults:1 | Noticed Jorgrun
 56133 | Vaults:1 | Killed Jorgrun
 56133 | Vaults:1 | Received a gift from Nemelex Xobeh
 56452 | Vaults:1 | Received a gift from Nemelex Xobeh
 56806 | Vaults:1 | Received a gift from Nemelex Xobeh
 57064 | Vaults:1 | Reached skill level 20 in Evocations
 57074 | Vaults:1 | Received a gift from Nemelex Xobeh
 58053 | Elf:1    | Entered Level 1 of the Elven Halls
 58058 | Elf:1    | Noticed Mitsuki's ghost (powerful MiFi)
 58068 | Elf:1    | Killed Mitsuki's ghost
 58072 | Elf:1    | Received a gift from Nemelex Xobeh
 58092 | Elf:1    | Found Mejul's Antique Armour Emporium.
 58101 | Elf:1    | Bought a pair of dazzling boots for 117 gold pieces
 58106 | Elf:1    | Identified the +2 pair of boots of Space {Dex+3} (You bought it in a shop on level 1 of the Elven Halls)
 58409 | Elf:1    | Received a gift from Nemelex Xobeh
 59157 | Elf:2    | Received a gift from Nemelex Xobeh
 59280 | Elf:2    | Noticed Frances
 59287 | Elf:2    | Killed Frances
 59534 | Elf:2    | Received a gift from Nemelex Xobeh
 59578 | Elf:2    | Found Xehumn's Gadget Boutique.
 59693 | Elf:2    | Got a steaming leather armour
 59694 | Elf:2    | Identified the +1 leather armour of Mirth {Str-2 Dex+3 Int+2} (You found it on level 2 of the Elven Halls)
 59707 | Elf:2    | Reached skill level 10 in Armour
 59994 | Elf:3    | Entered Level 3 of the Elven Halls
 59997 | Elf:3    | Noticed Agnes
 60008 | Elf:2    | Killed Agnes
 60254 | Elf:3    | Received a gift from Nemelex Xobeh
 60271 | Elf:3    | Received a gift from Nemelex Xobeh
 60441 | Elf:3    | Noticed Snorg
 60450 | Elf:3    | Received a gift from Nemelex Xobeh
 60457 | Elf:3    | Killed Snorg
 60481 | Elf:3    | Received a gift from Nemelex Xobeh
 60693 | Elf:3    | Received a gift from Nemelex Xobeh
 60709 | Elf:3    | Reached XP level 20. HP: 52/160 MP: 33/38
 60721 | Elf:3    | Killed from afar by a deep elf sorcerer

Action                   |  1- 3 |  4- 6 |  7- 9 | 10-12 | 13-15 | 16-18 | 19-21 || total
-------------------------+-------+-------+-------+-------+-------+-------+-------++-------
Melee: Short sword       |    10 |       |       |       |       |       |       ||    10
       Whip              |    33 |       |       |       |       |       |       ||    33
       Spear             |    82 |   103 |       |       |       |       |       ||   185
       Quarterstaff      |       |   107 |    46 |       |       |       |       ||   153
       Dagger            |       |       |   231 |   878 |    23 |    23 |       ||  1155
       War axe           |       |       |       |    10 |       |       |       ||    10
       Scimitar          |       |       |       |       |   957 |  1859 |   543 ||  3359
       Rod               |       |       |       |       |       |     1 |       ||     1
 Fire: Blowgun           |       |       |       |    26 |       |       |       ||    26
Throw: Dart              |       |       |     1 |     1 |       |       |       ||     2
       Dagger            |       |       |       |       |       |     1 |       ||     1
 Cast: Stoneskin         |       |       |       |       |       |     1 |       ||     1
Invok: Draw One          |       |     1 |    29 |    65 |    84 |   148 |   102 ||   429
       Peek at Two       |       |       |     1 |    10 |    17 |    32 |    15 ||    75
       Stack Five        |       |       |       |     4 |     8 |     6 |     4 ||    22
       Triple Draw       |       |       |       |       |       |     1 |       ||     1
Evoke: Wand              |    17 |    22 |    19 |    41 |       |     7 |     1 ||   107
       Deck              |       |     6 |       |       |       |     1 |       ||     7
       Rod               |       |       |       |     2 |    14 |   142 |    21 ||   179
       Miscellaneous     |       |       |       |       |     4 |    28 |     2 ||    34
  Use: Scroll            |     8 |     5 |    12 |     6 |     5 |    18 |     8 ||    62
       Potion            |     4 |     5 |     3 |    13 |     2 |     9 |    12 ||    48
 Stab: Distracted        |       |     1 |       |     1 |     1 |     2 |     4 ||     9
       Paralysed         |       |       |     6 |       |       |       |       ||     6
       Sleeping          |       |       |     2 |     1 |       |       |       ||     3
       Confused          |       |       |       |     1 |       |       |       ||     1
       Invisible         |       |       |       |     1 |       |       |       ||     1
